 Dungeon Crawl Stone Soup version 0.30.0-30-g96aa6591b8 (webtiles) character file.

Game seed: 567168978869890634

948 Fodor the Covered (level 7, -13/61 HPs)
             Began as a Minotaur Fighter on June 30, 2023.
             Was an Initiate of Gozag.
             Mangled by Eustachio
             ... wielding a +0 rapier
              (34 damage)
             ... on level 6 of the Dungeon.
             The game lasted 00:21:33 (3913 turns).

Fodor the Covered (Minotaur Fighter)                Turns: 3913, Time: 00:21:34

Health: -13/61     AC: 11    Str: 23    XL:     7   Next: 89%
Magic:  6/6        EV:  2    Int:  5    God:    Gozag
Gold:   271        SH:  0    Dex: 12    Spells: 6/6 levels left

rFire   . . .        z - +4 rapier "Rummage" {heavy, Dex+3}
rCold   . . .        c - +0 buckler
rNeg    . . .        e - +0 chain mail
rPois   .            (helmet restricted)
rElec   .            (no cloak)
rCorr   .            (no gloves)
SInv    .            v - +0 pair of boots
Will    .....        (no amulet) Stlth
                     f - +4 ring of slaying
HPRegen 0.30/turn    (no ring)
MPRegen 0.10/turn

%: no passive effects
@: sleeping, gold aura
A: horns 2, retaliatory headbutt
a: Renounce Religion, Potion Petition, Call Merchant, Bribe Branch


You were on level 6 of the Dungeon.
You worshipped Gozag.
Gozag was aware of your devotion.
You visited 1 branch of the dungeon, and saw 6 of its levels.

You collected 532 gold pieces.
You spent 234 gold pieces at shops.
You paid 27 gold pieces to Gozag.

Inventory:

Hand Weapons
 t - a +2 war axe
 z - the +4 rapier "Rummage" (weapon) {heavy, Dex+3}
   (You bought it in a shop on level 5 of the Dungeon)

   Dex:       It affects your dexterity (+3).
Missiles
 o - a poisoned dart (quivered)
Armour
 c - a +0 buckler (worn)
 e - a +0 chain mail (worn)
 v - a +0 pair of boots (worn)
Jewellery
 f - a +4 ring of slaying (left hand)
 l - a ring of protection from cold
 m - a ring of flight
Scrolls
 g - 2 scrolls of amnesia {unknown}
 i - 2 scrolls of fog {unknown}
 j - a scroll of brand weapon {unknown}
 k - a scroll of fear {unknown}
 n - a scroll of enchant armour {unknown}
 q - a scroll of poison {unknown}
 r - 3 scrolls of vulnerability
 s - a scroll of blinking {unknown}
 u - a scroll of torment {unknown}
 y - 3 scrolls of identify {unknown}
 D - a scroll of immolation
Potions
 a - a potion of berserk rage {unknown}
 b - 4 potions of curing
 d - 2 potions of might
 h - 2 potions of degeneration
 p - a potion of flight {unknown}
 w - a potion of heal wounds
 x - a potion of mutation {unknown}
 A - a potion of attraction {unknown}
 B - a potion of magic {unknown}
 C - a potion of resistance {unknown}


   Skills:
 + Level 5.3 Fighting
 + Level 0.4(3.1) Short Blades
 + Level 5.6 Long Blades
 + Level 4.1 Axes
 + Level 0.2 Throwing
 + Level 6.4 Armour
 + Level 2.1 Dodging
 + Level 0.2 Stealth
 + Level 5.5 Shields


You had 6 spell levels left.
You didn't know any spells.
Your spell library contained the following spells:

 Spells                   Type           Power      Damage    Failure   Level
 Apportation              Tloc           0%         N/A       98%         1
 Necrotise                Necr           0%         1d4       98%         1
 Summon Small Mammal      Summ           0%         N/A       98%         1
 Vhi's Electric Charge    Tloc/Air       0%         N/A       100%        3
 Arcjolt                  Conj/Air       0%         1d10      100%        5
 Maxwell's Capacitive Co  Air            0%         ∞         100%        8


Dungeon Overview and Level Annotations

Branches:
Dungeon (6/15)
 Temple: D:4-7

Altars:
Gozag
Nemelex Xobeh
Uskayaw
Wu Jian
Yredelemnul

Shops:
D:5 (

Annotations:
D:6 Eustachio


Innate Abilities, Weirdness & Mutations

You have a pair of horns on your head.
You reflexively headbutt those who attack you in melee.


Message History

Your Axes skill increases to level 4!
You see here 9 gold pieces.
A sleepcap comes into view.
Eustachio hits you with a +0 rapier.
You puncture Eustachio! You headbutt Eustachio!
Eustachio is heavily wounded.
Eustachio mumbles some strange words.
Eustachio casts a spell.
Eustachio blinks!
The river rat bites you but does no damage.
Eustachio casts a spell.
You block the bat's attack. The sleepcap releases spores at you.
You are engulfed in a cloud of soporific spores!
You fall asleep.
The sleepcap releases spores at you!
You wake up.
The river rat bites you!
Eustachio casts a spell.
The bat hits you but does no damage. The bat hits you.
The bat closely misses you. You furiously retaliate!
You headbutt the bat!
You kill the bat!
The bat's corpse disappears in a puff of smoke!
The bat hits you but does no damage. Eustachio closely misses you.
You block the sleepcap's attack.
The river rat twitches its whiskers.
Eustachio hits you but does no damage. The bat barely misses you.
You closely miss Eustachio. You headbutt Eustachio.
Eustachio is heavily wounded.
The bat hits you but does no damage. x2
The bat is distracted by your dazzling golden aura.
The river rat bites you. You block the sleepcap's attack.
You block Eustachio's attack.
You puncture Eustachio! You headbutt Eustachio.
Eustachio is almost dead.
The bat is no longer distracted by gold.
The bat barely misses you. The bat hits you but does no damage.
The sleepcap releases spores at you.
You are engulfed in a cloud of soporific spores!
You fall asleep.
Eustachio hits you with a +0 rapier!!
Ouch! That really hurt!
You die...
Your body crumbles into a pile of gold.

#.. #.####..#
#..##.......# #
##..##...<# #.
..........# ..
##.##.$#.#
#.###......#.#
#.#....r....##..
#.....bf@...##.##
#......@r...##.#
#.###....(..##.#
......(....# .#
#..........#
#..###.....# #..
......# #.
.......# #
.###..## $


You could see Eustachio (strong), a sleepcap, a river rat (summoned), a bat
(summoned) and a rat (summoned).

Vanquished Creatures
  2 black bears
  An ice beast (D:5)
  2 ogres
  2 scorpions (D:5)
  2 jellies (D:4)
  4 hounds (D:5)
  An orc priest (D:5)
  An orc wizard (D:3)
  6 adders
  2 worms
  5 dart slugs
  7 orcs
  3 ball pythons
  7 endoplasms
  4 giant cockroaches
  5 hobgoblins
  3 jackals (D:4)
  7 kobolds
  4 quokkas
  5 bats
  A frilled lizard (D:3)
  5 goblins
  5 rats
84 creatures vanquished.

Notes
Turn   | Place    | Note
-------+----------+-------------------------------------------
     0 | D:1      | Fodor the Minotaur Fighter began the quest for the Orb.
     0 | D:1      | Reached XP level 1. HP: 19/19 MP: 0/0
   127 | D:1      | Reached XP level 2. HP: 27/27 MP: 1/1
   531 | D:1      | Reached skill level 4 in Armour
   556 | D:1      | Reached XP level 3. HP: 33/33 MP: 2/2
   781 | D:2      | Reached XP level 4. HP: 38/40 MP: 3/3
   904 | D:2      | Found an opulent altar of Gozag.
   913 | D:2      | Became a worshipper of Gozag Ym Sagoz the Greedy
  1742 | D:3      | Reached XP level 5. HP: 45/47 MP: 4/4
  2244 | D:4      | Noticed a black bear
  2247 | D:4      | Killed a black bear
  2248 | D:4      | Reached skill level 5 in Armour
  2248 | D:4      | Reached skill level 1 in Dodging
  2248 | D:4      | Reached skill level 5 in Shields
  2343 | D:4      | Found a large runed translucent door.
  2344 | D:4      | Found a large runed translucent door.
  2360 | D:4      | Found an ornate altar of the Wu Jian Council.
  2360 | D:4      | Noticed an ogre
  2365 | D:4      | Found a sparkling altar of Nemelex Xobeh.
  2369 | D:4      | Killed an ogre
  2370 | D:4      | Reached skill level 1 in Axes
  2370 | D:4      | Reached XP level 6. HP: 16/53 MP: 5/5
  2590 | D:4      | Found a hide-covered altar of Uskayaw.
  2591 | D:4      | Found a basalt altar of Yredelemnul.
  2936 | D:5      | Entered Level 5 of the Dungeon
  3001 | D:5      | Reached skill level 5 in Fighting
  3028 | D:5      | Reached skill level 5 in Long Blades
  3028 | D:5      | Reached XP level 7. HP: 38/61 MP: 6/6
  3133 | D:5      | Found Vecruxoi's Antique Weapon Shop.
  3158 | D:5      | Bought a masterwork rapier for 234 gold pieces
  3158 | D:5      | Identified the +4 rapier "Rummage" {heavy, Dex+3} (You
                  | bought it in a shop on level 5 of the Dungeon)
  3433 | D:5      | Reached skill level 6 in Armour
  3898 | D:6      | Noticed Eustachio
  3913 | D:6      | Mangled by Eustachio

Illustrated notes

Levels and vault maps discovered:
D:1:      dpeg_arrival_morbid_curiosity, layout_rooms
D:2:      layout_basic, basic_altar
D:3:      layout_loops_cross
D:4:      layout_rooms, jmf_multi_god_temple2, grunt_temple_overflow_open
D:5:      layout_basic, serial_shops, shop
D:6:      layout_basic, mainiacjoe_overflow_surrounded_room,
          mainiacjoe_overflow_alcove_4, nicolae_qazlal_eye_of_the_storm,
          general_overflow_altar, minmay_misc_feat_columns, uniq_eustachio,
          uniq_edmund

Skill      XL: |  1  2  3  4  5  6  7 |
---------------+----------------------+-----
Fighting       | 4 5 |  5.3
Shields        | 4 5 |  5.5
Armour         | 4 5 6 |  6.4
Long Blades    | 3 4 5 |  5.6
Dodging        | 1 2 |  2.1
Axes           | 1 2 4 |  4.1
Short Blades   | |  0.4
Throwing       | |  0.2
Stealth        | |  0.2

Action                     |  1- 3 |  4- 6 |  7- 9 || total
---------------------------+-------+-------+-------++-------
  Melee: Long sword        |    51 |    64 |       ||   115
         Headbutt          |     7 |    12 |     9 ||    28
         War axe           |       |    32 |    10 ||    42
         Rapier            |       |       |    18 ||    18
  Throw: Dart              |       |     2 |       ||     2
    Use: Potion            |       |     3 |       ||     3
         Scroll            |       |     4 |       ||     4
 Armour: Scale mail        |    23 |    66 |       ||    89
         Chain mail        |       |     8 |    28 ||    36
  Dodge: Dodged            |    22 |    42 |    21 ||    85
  Block: Buckler           |    14 |    36 |    14 ||    64
